 Dungeon Sprint DCSS version 0.21.1-1-g345015f (webtiles) character file.

878 Fang the Cleaver (level 8, -9/85 HPs)
             Began as a Gargoyle Berserker on July 23, 2018.
             Was a High Priest of Trog.
             Mangled by a 12-headed hydra (12 damage)
             ... in the Dungeon (Sprint VII: "The Pits").
             The game lasted 00:04:14 (839 turns).

Fang the Cleaver (Gargoyle Berserker)                Turns: 839, Time: 00:04:14

Health: -9/85      AC:  8    Str: 28    XL:     8   Next: 4%
Magic:  2/2        EV: 14    Int:  8    God:    Trog [*****.]
Gold:   0          SH:  0    Dex:  9    Spells: 7/7 levels left

rFire    . . .     SeeInvis .   p - +3 battleaxe (antimagic)
rCold    . . .     Gourm    .   (shield currently unavailable)
rNeg     + . .     Faith    .   b - +0 animal skin
rPois    ∞         Spirit   .   (no helmet)
rElec    +         Reflect  .   (no cloak)
rCorr    .         Harm     .   (no gloves)
MR       .....     NoTele   +   (no boots)
Stlth    ..........             (no amulet)
HPRegen  0.24/turn              (no ring)
MPRegen  0.08/turn              (no ring)

@: berserking, very quick
A: negative energy resistance 1, electricity resistance, unbreathing,
petrification resistance, rot immunity, AC +5
a: Berserk, Trog's Hand, Brothers in Arms, Burn Spellbooks, Renounce Religion


You were in the Dungeon.
You worshipped Trog.
Trog was extremely pleased with you.
You were hungry.

You visited 1 branch

Inventory:

Hand Weapons
 m - a +2 hand axe of freezing
 n - a +1 antimagic executioner's axe
 p - a +3 antimagic battleaxe (weapon)
Armour
 b - a +0 animal skin (worn)
Scrolls
 i - a scroll of blinking
 k - 3 scrolls of remove curse
 l - a scroll of summoning
Potions
 a - 2 potions of invisibility
 d - 6 potions of curing
 e - 5 potions of heal wounds
 f - a potion of haste
 g - 4 potions of magic
 h - 3 potions of berserk rage
Comestibles
 c - 9 rations


   Skills:
 + Level 9.9 Fighting
 + Level 11.3 Axes
 + Level 4.9 Armour
 + Level 6.0 Dodging
 + Level 2.7 Stealth


You had 7 spell levels left.
You didn't know any spells.

Dungeon Overview and Level Annotations

Branches:
Dungeon (1/1)

Altars:
Cheibriados
Dithmenos
Elyvilon
Fedhas
Gozag
Hepliaklqana
Makhleb
Nemelex Xobeh
Okawaru
Qazlal
Ru
Sif Muna
Trog
Vehumet
Wu Jian
Xom
Yredelemnul
Zin
The Shining One
Beogh
Jiyva
Lugonu


Innate Abilities, Weirdness & Mutations

You are resistant to torment.
Your stone body is resilient. (AC +5)
You are immune to poison.
You resist negative energy. (rN+)
You are resistant to electric shocks. (rElec)
You can survive without breathing.
You are immune to petrification.
You are immune to rotting.


Message History

The 11-headed hydra closely misses you. The 11-headed hydra barely misses you.
The 11-headed hydra closely misses you. The 11-headed hydra bites you.
* * * LOW HITPOINT WARNING * * *
The 11-headed hydra bites you but does no damage.
The 11-headed hydra barely misses you. The 11-headed hydra bites you.
* * * LOW HITPOINT WARNING * * *
The 11-headed hydra bites you but does no damage. x2
The 11-headed hydra bites you!
* * * LOW HITPOINT WARNING * * *
The 11-headed hydra barely misses you. The hornet stings you.
* * * LOW HITPOINT WARNING * * *
You slice one of the 11-headed hydra's heads off!
The ten-headed hydra grows two more!
You open the 12-headed hydra like a pillowcase!!!
The 12-headed hydra is almost dead.
You barely miss the hornet. The 12-headed hydra misses you.
The 12-headed hydra bites you.
* * * LOW HITPOINT WARNING * * *
The 12-headed hydra bites you!
You die...

#[##'#.....##...<...#
#.#........##.......#
#)#........##.......#
#)###########.......#
#.......#.. #########
#.......#.######
#...#...#)#....#
#..###..#)#y...#
#...#...#.@D...+
#.......#)#†...#
#.......'.#....#
################


You could see a 12-headed hydra and a hornet.

Vanquished Creatures
  Psyche (D)
  A fire bat (D)
  A hungry ghost (D)
  A wight (D)
  A gnoll shaman (D)
  An orc priest (D)
  An orc wizard (D)
  Jessica (D)
  Ijyb (D)
  2 worker ants (D)
  2 mummies (D)
  4 gnolls (D)
  An adder (D)
  A river rat (D)
  A white imp (D)
  A worm (D)
  3 leopard geckos (D)
  3 orcs (D)
  A bat skeleton (D)
  A bat zombie (D)
  A goblin (D)
30 creatures vanquished.

Notes
Turn   | Place    | Note
-------+----------+-------------------------------------------
     0 | D        | Fang the Gargoyle Berserker began the quest for the Orb.
     0 | D        | Reached XP level 1. HP: 14/14 MP: 1/1
    25 | D        | Reached skill level 3 in Axes
   202 | D        | Found a bloodstained altar of Trog.
   202 | D        | Found a deep blue altar of Sif Muna.
   202 | D        | Found a viscous altar of Jiyva.
   202 | D        | Found a hazy altar of Hepliaklqana.
   202 | D        | Found an opulent altar of Gozag.
   203 | D        | Found a glowing golden altar of the Shining One.
   203 | D        | Found a glowing silver altar of Zin.
   203 | D        | Found a basalt altar of Yredelemnul.
   203 | D        | Found a shimmering altar of Xom.
   203 | D        | Found an ornate altar of the Wu Jian Council.
   203 | D        | Found a sacrificial altar of Ru.
   203 | D        | Found a stormy altar of Qazlal.
   203 | D        | Found an iron altar of Okawaru.
   203 | D        | Found a sparkling altar of Nemelex Xobeh.
   203 | D        | Found a burning altar of Makhleb.
   203 | D        | Found a blossoming altar of Fedhas.
   203 | D        | Found a white marble altar of Elyvilon.
   203 | D        | Found a shadowy altar of Dithmenos.
   203 | D        | Found a snail-covered altar of Cheibriados.
   205 | D        | Found a radiant altar of Vehumet.
   205 | D        | Found a corrupted altar of Lugonu.
   205 | D        | Found a roughly hewn altar of Beogh.
   248 | D        | Reached ** piety under Trog
   339 | D        | Reached XP level 2. HP: 20/20 MP: 2/2
   351 | D        | Reached skill level 4 in Axes
   352 | D        | Reached *** piety under Trog
   352 | D        | Reached XP level 3. HP: 25/25 MP: 3/3
   354 | D        | Reached skill level 5 in Fighting
   354 | D        | Reached skill level 5 in Axes
   359 | D        | Reached **** piety under Trog
   359 | D        | Reached XP level 4. HP: 32/32 MP: 4/4
   362 | D        | Reached skill level 6 in Axes
   362 | D        | Reached skill level 1 in Stealth
   548 | D        | Noticed Jessica
   549 | D        | Noticed Ijyb
   550 | D        | Noticed a fire bat
   560 | D        | Killed a fire bat
   560 | D        | Reached skill level 8 in Axes
   560 | D        | Reached XP level 5. HP: 39/39 MP: 5/5
   560 | D        | Reached XP level 6. HP: 44/44 MP: 6/6
   561 | D        | Killed Jessica
   561 | D        | Reached ***** piety under Trog
   566 | D        | Received a gift from Trog
   569 | D        | Killed Ijyb
   569 | D        | Reached skill level 9 in Axes
   698 | D        | Noticed Psyche
   704 | D        | Killed Psyche
   704 | D        | Reached skill level 10 in Axes
   704 | D        | Reached skill level 5 in Dodging
   704 | D        | Reached XP level 7. HP: 51/51 MP: 2/7
   771 | D        | Noticed a hungry ghost
   776 | D        | Received a gift from Trog
   784 | D        | Killed a hungry ghost
   784 | D        | Reached skill level 11 in Axes
   784 | D        | Reached XP level 8. HP: 57/57 MP: 2/8
   831 | D        | Noticed a hornet
   831 | D        | Noticed an eight-headed hydra
   839 | D        | HP: 3/85 [12-headed hydra (5)]
   839 | D        | Mangled by a 12-headed hydra

Skill      XL: |  1  2  3  4  5  6  7 |
---------------+----------------------+-----
Axes           | 3 4 5 8 10 11 | 11.3
Fighting       | 4 5 7 9 |  9.9
Dodging        | 2 4 5 6 |  6.0
Armour         | 3 4 |  4.9
Stealth        | 1 2 |  2.7

Action                   |  1- 3 |  4- 6 |  7- 9 || total
-------------------------+-------+-------+-------++-------
Melee: Hand axe          |    38 |    30 |       ||    68
       Executioner's axe |       |     7 |    13 ||    20
       Battleaxe         |       |       |     6 ||     6
Invok: Berserk           |     1 |     2 |     2 ||     5
  Use: Potion            |       |     1 |       ||     1
  Eat: Chunk             |       |     1 |     3 ||     4
Armor: Animal skin       |    14 |    11 |     8 ||    33
Dodge: Dodged            |    26 |    15 |    19 ||    60
